 Dungeon Crawl Stone Soup version 0.27-a0-103-g6cd7b45605 (webtiles) character file.

Game seed: 2128814115555303443

246 knot the Chopper (level 5, -6/61 HPs)
             Began as a Demonspawn Berserker on Jan 23, 2021.
             Was a Believer of Trog.
             Mangled by a skeletal warrior
             ... wielding a +0 mace
              (13 damage)
             ... on level 4 of the Dungeon.
             The game lasted 00:03:45 (2766 turns).

knot the Chopper (Demonspawn Berserker)             Turns: 2766, Time: 00:03:46

Health: -6/61      AC: 22    Str: 16 (18) XL:     5   Next: 84%
Magic:  5/5        EV:  2    Int:  7 (9)  God:    Trog [**....]
Gold:   136        SH:  0    Dex:  6 (8)  Spells: 4/4 levels left

rFire    . . .     SeeInvis .   q - +0 war axe
rCold    . . .     Faith    .   (no shield)
rNeg     + + +     Spirit   .   (armour currently unavailable)
rPois    +         Reflect  .   (helmet currently unavailable)
rElec    .         Harm     .   (cloak currently unavailable)
rCorr    .         Rampage  .   (gloves currently unavailable)
Will     .....     NoTele   +   (boots currently unavailable)
Stlth    +.........             d - amulet of regeneration
HPRegen  0.60/turn              v - +4 ring of evasion
MPRegen  0.09/turn              r - -4 ring of dexterity (curse)

@: brilliant, tree-form, berserk cooldown, slowed, very slow
A: powered by death 2
a: Renounce Religion, Berserk, Trog's Hand


You were on level 4 of the Dungeon.
You worshipped Trog.
Trog was pleased with you.
You were a tree.
You visited 1 branch of the dungeon, and saw 4 of its levels.

You collected 136 gold pieces.

Inventory:

Hand Weapons
 q - a +0 war axe (weapon)
Missiles
 c - 128 stones
 f - 2 boomerangs (quivered)
 l - 10 poisoned darts
 m - 12 javelins
 n - 2 datura-tipped darts
Armour
 e - a +2 leather armour of cold resistance (melded)
 g - a +0 helmet (melded)
Jewellery
 d - an amulet of regeneration (around neck)
 r - a cursed -4 ring of dexterity (right branch)
 v - a +4 ring of evasion (left branch)
Wands
 t - a wand of random effects (20)
 w - a wand of acid (12)
Scrolls
 h - 3 scrolls of identify
 i - 4 scrolls of remove curse
 j - a scroll of enchant armour
Potions
 a - a potion of brilliance
 b - 3 potions of curing
 o - a potion of lignification
 p - a potion of attraction {unknown}
 s - a potion of haste {unknown}
 u - a potion of mutation {unknown}


   Skills:
 - Level 3.0 Fighting
 * Level 5.2 Axes
 * Level 2.6 Throwing
 - Level 1.7 Armour
 - Level 1.7 Dodging


You had 4 spell levels left.
You didn't know any spells.
Your spell library contained the following spells:

 Spells                   Type           Power        Failure   Level
 Sandblast                Erth           0%           43%         1
 Passwall                 Tmut/Erth      0%           56%         2
 Stone Arrow              Conj/Erth      0%           80%         3
 Petrify                  Tmut/Erth      0%           99%         4
 Lee's Rapid Deconstruct  Erth           0%           100%        5


Dungeon Overview and Level Annotations

Branches:
Dungeon (4/15)
 Temple: D:4-7

Altars:
Dithmenos


Innate Abilities, Weirdness & Mutations

You regenerate health from kills.


Message History

You feel yourself slow down.
It was a potion of brilliance.
You feel clever all of a sudden.
The skeletal warrior completely misses you.
The skeletal warrior misses you.
It was a potion of lignification.
You turn into a tree.
Your +0 helmet melds into your body.
Your +2 leather armour of cold resistance melds into your body.
You feel less resistant to cold.
Your roots penetrate the ground.
You hear the slow hiss of a very distant avalanche of sand.
The skeletal warrior hits you with a +0 mace!
* * * LOW HITPOINT WARNING * * *
You feel better.
The skeletal warrior hits you with a +0 mace!
* * * LOW HITPOINT WARNING * * *
It was a potion of degeneration.
There was something very wrong with that liquid.
You feel weakened.
You feel dopey.
You feel clumsy.
The skeletal warrior hits you with a +0 mace!
You die...

### ######### #...
#.......# #....
#.......# #....#
########.......###....#
#......#......(#.....#
+......'..>.....♣†..#
#......#........z..##
#......###+###....#.#
+.......##.# #....# .#
#.......##.# #....# .#
#........#.# #...$.# .#
#..........# ###..... .
######.#...# #..... ..#
#.##.^### .....


You could see a skeletal warrior.

Vanquished Creatures
  A howler monkey (D:4)
  Natasha (thrice) (D:3)
  A worker ant (D:3)
  An adder (D:2)
  A white imp (D:4)
  An ooze (D:3)
  5 worms
  3 dart slugs (D:3)
  5 leopard geckos
  An orc (D:4)
  A ball python (D:2)
  5 bats
  2 giant cockroaches (D:1)
  11 hobgoblins
  A quokka (D:3)
  3 frilled lizards
  6 goblins
  9 kobolds
  A leopard gecko skeleton (D:4)
  4 rats
65 creatures vanquished.

Notes
Turn   | Place    | Note
-------+----------+-------------------------------------------
     0 | D:1      | knot the Demonspawn Berserker began the quest for the Orb.
     0 | D:1      | Reached XP level 1. HP: 18/18 MP: 1/1
   137 | D:1      | Reached skill level 3 in Axes
   164 | D:1      | Gained mutation: You regenerate a little health from kills.
                  | [demonic ancestry]
   164 | D:1      | Reached XP level 2. HP: 16/24 MP: 2/2
   544 | D:1      | Reached ** piety under Trog
   813 | D:1      | Reached XP level 3. HP: 29/29 MP: 3/3
   965 | D:2      | Reached skill level 4 in Axes
  1647 | D:3      | Gained mutation: You regenerate health from kills. [demonic
                  | ancestry]
  1647 | D:3      | Reached XP level 4. HP: 35/35 MP: 4/4
  1700 | D:3      | Noticed Natasha
  1710 | D:3      | Killed Natasha
  1711 | D:3      | Reached skill level 1 in Throwing
  1910 | D:3      | Found a shadowy altar of Dithmenos.
  2033 | D:3      | Reached XP level 5. HP: 41/41 MP: 5/5
  2258 | D:3      | Noticed Natasha
  2268 | D:3      | Killed Natasha
  2453 | D:3      | Noticed Natasha
  2462 | D:3      | Killed Natasha
  2463 | D:3      | Reached skill level 5 in Axes
  2747 | D:4      | Noticed a skeletal warrior
  2766 | D:4      | Mangled by a skeletal warrior

Illustrated notes

Levels and vault maps discovered:
D:1:      denvon_arrival_waterhouse, layout_loops_ring, roderic_roman_lattice
D:2:      layout_basic
D:3:      layout_basic, nicolae_dithmenos_through_a_glass_darkly, uniq_natasha
D:4:      layout_basic, grunt_temple_overflow_growth_and_decay,
          nicolae_ossuary_entry_ruins, minmay_manual_mail

Skill      XL: |  1  2  3  4  5 |
---------------+----------------+-----
Axes           | 3 4 5 |  5.2
Throwing       | 1 2 |  2.6
Fighting       | |  3.0
Armour         | |  1.7
Dodging        | |  1.7

Action                   |  1- 3 |  4- 6 || total
-------------------------+-------+-------++-------
Melee: Hand axe          |   103 |       ||   103
       War axe           |    12 |    87 ||    99
Throw: Boomerang         |     4 |       ||     4
Invok: Berserk           |     3 |     5 ||     8
       Trog's Hand       |       |     3 ||     3
  Use: Scroll            |       |     4 ||     4
       Potion            |       |     4 ||     4
 Stab: Sleeping          |     1 |       ||     1
Armor: Animal skin       |    10 |       ||    10
       Leather armour    |    15 |    19 ||    34
Dodge: Dodged            |    73 |    70 ||   143

Table legend: (Time is in decaauts)
 A = Elapsed time spent in this place.
 B = Non-inter-level travel time spent in this place.
 C = Inter-level travel time spent in this place.
 D = Time resting spent in this place.
 E = Time spent auto-exploring this place.
 F = Levels seen in this place.
 G = Mean time per level.
                   A        B        C        D        E       F      G
               +--------+--------+--------+--------+--------+-----+--------+
         Total |   2862 |   2812 |     50 |    552 |   1746 |   4 |  715.5 |
       Dungeon |   2862 |   2812 |     50 |    552 |   1746 |   4 |  715.5 |
               +--------+--------+--------+--------+--------+-----+--------+

Top non-repeatable levels by time:
     D:2: 1057 daAuts
     D:3: 851 daAuts
     D:1: 851 daAuts
     D:4: 102 daAuts
